| TOP OF THE 1ST |
|
Pittsburgh Pirates batting - Pitching for Los Angeles Dodgers : RHP Jeremy Stock
|
|
Pitching: RHP Jeremy Stock
|
|
|
Batting: RHB Chiel Palstermans
|
0-0: Swinging Strike 0-1: Swinging Strike 0-2: Ball 1-2: Strikes out swinging
|
|
Batting: RHB David Contreras
|
0-0: Ball 1-0: Ball 2-0: Called Strike 2-1: Swinging Strike 2-2: Strikes out swinging
|
|
Batting: SHB Marvin McAleer
|
0-0: Foul Ball, location: 2F 0-1: Ball 1-1: Ball 2-1: Ball 3-1: Base on Balls
|
|
Batting: LHB Brad Pepin
|
0-0: Ball 1-0: Ball 2-0: Called Strike 2-1: Ball 3-1: Base on Balls Marvin McAleer to second
|
|
Batting: RHB Jorge Severiano
|
0-0: Foul Ball, location: 2F 0-1: Ball 1-1: Called Strike 1-2: Fly out, F4 (Popup, 4D, EV 49.4 MPH)
|
| Top of the 1st over - 0 runs, 0 hits, 0 errors, 2 left on base; Pittsburgh 0 - Los Angeles 0 |
| BOTTOM OF THE 1ST |
|
Los Angeles Dodgers batting - Pitching for Pittsburgh Pirates : RHP Dave Spriggs
|
|
Pitching: RHP Dave Spriggs
|
|
|
Batting: RHB Clay Buchanan
|
0-0: Ball 1-0: Foul Ball, location: 2F 1-1: Called Strike 1-2: Ball 2-2: Fly out, F7 (Flyball, 78M, EV 98.1 MPH)
|
|
Batting: RHB Tsutomu Irie
|
0-0: Ball 1-0: Ball 2-0: Foul Ball, location: 2F 2-1: Swinging Strike 2-2: Strikes out swinging
|
|
Batting: LHB Lirak Bazhunaishvili
|
0-0: Ball 1-0: Ball 2-0: Foul Ball, location: 2F 2-1: Ball 3-1: Fly out, F7 (Flyball, 7S, EV 95.6 MPH)
|
| Bottom of the 1st over - 0 runs, 0 hits, 0 errors, 0 left on base; Pittsburgh 0 - Los Angeles 0 |
| TOP OF THE 2ND |
|
Pittsburgh Pirates batting - Pitching for Los Angeles Dodgers : RHP Jeremy Stock
|
|
Batting: LHB Micah Boshnjaku
|
0-0: Ball 1-0: Called Strike 1-1: Called Strike 1-2: Ball 2-2: Ground out 5-3 (Groundball, 56, EV 105.0 MPH)
|
|
Batting: SHB Jack Andrews
|
0-0: Ball 1-0: Foul Ball, location: 2F 1-1: Swinging Strike 1-2: Strikes out swinging
|
|
Batting: LHB Xavier Pittman
|
0-0: Called Strike 0-1: Swinging Strike 0-2: Strikes out swinging
|
| Top of the 2nd over - 0 runs, 0 hits, 0 errors, 0 left on base; Pittsburgh 0 - Los Angeles 0 |
| BOTTOM OF THE 2ND |
|
Los Angeles Dodgers batting - Pitching for Pittsburgh Pirates : RHP Dave Spriggs
|
|
Batting: SHB Shane Marcum
|
0-0: Foul Ball, location: 2F 0-1: Swinging Strike 0-2: Strikes out swinging
|
|
Batting: LHB Juan Concepcion
|
0-0: Called Strike 0-1: Ball 1-1: Foul Ball, location: 2F 1-2: Ball 2-2: Foul Ball, location: 2F 2-2: Ball 3-2: Base on Balls
|
|
Batting: LHB Stephen Van Raalte
|
0-0: Called Strike 0-1: Ball 1-1: Ball 2-1: Ground out U3 (Groundball, 3S, EV 70.0 MPH) Juan Concepcion to second
|
|
Batting: RHB Tim Nettles
|
0-0: SINGLE (Groundball, 6S, EV 70.6 MPH) (infield hit) Juan Concepcion to third
|
|
Batting: RHB Ben Mischnick
|
0-0: Foul Ball, location: 2F 0-1: Ball 1-1: Foul Ball, location: 2F 1-2: SINGLE (Groundball, 56D, EV 105.6 MPH) Juan Concepcion scores Tim Nettles to second
|
|
Batting: RHB John Piccolo
|
0-0: Called Strike 0-1: Ball 1-1: Ball 2-1: Foul Ball, location: 2F 2-2: Foul Ball, location: 2F 2-2: Strikes out swinging
|
| Bottom of the 2nd over - 1 run, 2 hits, 0 errors, 2 left on base; Pittsburgh 0 - Los Angeles 1 |
| TOP OF THE 3RD |
|
Pittsburgh Pirates batting - Pitching for Los Angeles Dodgers : RHP Jeremy Stock
|
|
Batting: SHB Brad Day
|
0-0: Fly out, F9 (Flyball, 9LM, EV 101.2 MPH)
|
|
Batting: RHB Chiel Palstermans
|
0-0: Called Strike 0-1: SINGLE (Groundball, 34D, EV 96.9 MPH)
|
|
Batting: RHB David Contreras
|
0-0: Ball 1-0: Called Strike Chiel Palstermans steals 2nd base 1-1: Ball 2-1: Called Strike 2-2: Ball 3-2: Base on Balls
|
|
Batting: SHB Marvin McAleer
|
0-0: Called Strike 0-1: Ball 1-1: Ball 2-1: Ball 3-1: Base on Balls Chiel Palstermans to third David Contreras to second
|
|
Batting: LHB Brad Pepin
|
0-0: Ball 1-0: Grounds out, U3 (Groundball, 3L, EV 84.4 MPH) Chiel Palstermans scores David Contreras to third
|
|
Batting: RHB Jorge Severiano
|
0-0: Called Strike 0-1: Ball 1-1: Foul Ball, location: 2F 1-2: Ball 2-2: Ball 3-2: Ground out 5-3 (Groundball, 5S, EV 80.0 MPH)
|
| Top of the 3rd over - 1 run, 1 hit, 0 errors, 2 left on base; Pittsburgh 1 - Los Angeles 1 |
| BOTTOM OF THE 3RD |
|
Los Angeles Dodgers batting - Pitching for Pittsburgh Pirates : RHP Dave Spriggs
|
|
Batting: RHB Clay Buchanan
|
0-0: Called Strike 0-1: Fly out, F9 (Line Drive, 89D, EV 90.0 MPH)
|
|
Batting: RHB Tsutomu Irie
|
0-0: Ball 1-0: Swinging Strike 1-1: Called Strike 1-2: Ball 2-2: Strikes out looking
|
|
Batting: LHB Lirak Bazhunaishvili
|
0-0: Ball 1-0: Swinging Strike 1-1: Fly out, F8 (Flyball, 89D, EV 96.9 MPH)
|
| Bottom of the 3rd over - 0 runs, 0 hits, 0 errors, 0 left on base; Pittsburgh 1 - Los Angeles 1 |
| TOP OF THE 4TH |
|
Pittsburgh Pirates batting - Pitching for Los Angeles Dodgers : RHP Jeremy Stock
|
|
Batting: LHB Micah Boshnjaku
|
0-0: Called Strike 0-1: Foul Ball, location: 2F 0-2: Ball 1-2: Ball 2-2: Foul Ball, location: 2F 2-2: Strikes out looking
|
|
Batting: SHB Jack Andrews
|
0-0: Called Strike 0-1: Ball 1-1: Called Strike 1-2: Ball 2-2: DOUBLE (Line Drive, 7LM, EV 93.1 MPH)
|
|
Batting: LHB Xavier Pittman
|
0-0: Ball 1-0: Foul Ball, location: 2F 1-1: Swinging Strike 1-2: Ground out 4-3 (Groundball, 4, EV 85.0 MPH) Jack Andrews to third
|
|
Batting: SHB Brad Day
|
0-0: Called Strike 0-1: Ball 1-1: Ball 2-1: Ball 3-1: Base on Balls
|
|
Batting: RHB Chiel Palstermans
|
0-0: Ball 1-0: SINGLE (Groundball, 4D, EV 96.2 MPH) Jack Andrews scores Brad Day to second Runner from 2nd tries for 3rd, SAFE, throw by RF made to third
|
|
Batting: RHB David Contreras
|
0-0: Ground out 5-3 (Groundball, 56S, EV 62.5 MPH)
|
| Top of the 4th over - 1 run, 2 hits, 0 errors, 2 left on base; Pittsburgh 2 - Los Angeles 1 |
| BOTTOM OF THE 4TH |
|
Los Angeles Dodgers batting - Pitching for Pittsburgh Pirates : RHP Dave Spriggs
|
|
Batting: SHB Shane Marcum
|
0-0: Foul Ball, location: 2F 0-1: Ball 1-1: Fly out, F1 (Line Drive, P, EV 65.0 MPH)
|
|
Batting: LHB Juan Concepcion
|
0-0: Ball 1-0: Ball 2-0: Ground out 6-3 (Groundball, 4M, EV 90.6 MPH)
|
|
Batting: LHB Stephen Van Raalte
|
0-0: Swinging Strike 0-1: SOLO HOME RUN (Flyball, 89XD, EV 110.0 MPH), Distance : 431 ft
|
|
Batting: RHB Tim Nettles
|
0-0: SINGLE (Line Drive, 34D, EV 103.8 MPH)
|
|
Batting: RHB Ben Mischnick
|
0-0: Called Strike Tim Nettles steals 2nd base (no throw) 0-1: DOUBLE (Line Drive, 7LM, EV 96.2 MPH) Tim Nettles scores
|
|
Batting: RHB John Piccolo
|
0-0: Swinging Strike 0-1: Called Strike 0-2: Fly out, F1 (Line Drive, P, EV 61.9 MPH)
|
| Bottom of the 4th over - 2 runs, 3 hits, 0 errors, 1 left on base; Pittsburgh 2 - Los Angeles 3 |
| TOP OF THE 5TH |
|
Pittsburgh Pirates batting - Pitching for Los Angeles Dodgers : RHP Jeremy Stock
|
|
Batting: SHB Marvin McAleer
|
0-0: Ground out U3 (Groundball, 34, EV 88.1 MPH)
|
|
Batting: LHB Brad Pepin
|
0-0: Ball 1-0: SOLO HOME RUN (Flyball, 8RXD, EV 103.8 MPH), Distance : 404 ft
|
|
Batting: RHB Jorge Severiano
|
0-0: Foul Ball, location: 2F 0-1: Ball 1-1: Swinging Strike 1-2: Ball 2-2: Foul Ball, location: 2F 2-2: Ground out 4-3 (Groundball, 4M, EV 100.0 MPH)
|
|
Batting: LHB Micah Boshnjaku
|
0-0: Foul Ball, location: 2F 0-1: Ball 1-1: Ball 2-1: Foul Ball, location: 2F 2-2: Ball 3-2: Ground out 4-3 (Groundball, 34D, EV 81.2 MPH)
|
| Top of the 5th over - 1 run, 1 hit, 0 errors, 0 left on base; Pittsburgh 3 - Los Angeles 3 |
| BOTTOM OF THE 5TH |
|
Los Angeles Dodgers batting - Pitching for Pittsburgh Pirates : RHP Dave Spriggs
|
|
Batting: RHB Clay Buchanan
|
0-0: Ball 1-0: Foul Ball, location: 2F 1-1: Called Strike 1-2: Foul Ball, location: 2F 1-2: Ball 2-2: Foul Ball, location: 2F 2-2: Ball 3-2: Foul Ball, location: 2F 3-2: Foul Ball, location: 2F 3-2: Foul Ball, location: 2F 3-2: Foul Ball, location: 2F 3-2: Base on Balls
|
|
Batting: RHB Tsutomu Irie
|
0-0: Called Strike 0-1: Ball Clay Buchanan steals 2nd base 1-1: Swinging Strike 1-2: Foul Ball, location: 2F 1-2: Ground out 6-3 (Groundball, 56, EV 81.9 MPH)
|
|
Batting: LHB Lirak Bazhunaishvili
|
0-0: Called Strike 0-1: Ball 1-1: Foul Ball, location: 2F 1-2: Foul Ball, location: 2F 1-2: Strikes out swinging
|
|
Batting: SHB Shane Marcum
|
0-0: Ball 1-0: Ball 2-0: Swinging Strike 2-1: Foul Ball, location: 2F 2-2: Ball 3-2: Strikes out looking
|
| Bottom of the 5th over - 0 runs, 0 hits, 0 errors, 1 left on base; Pittsburgh 3 - Los Angeles 3 |
| TOP OF THE 6TH |
|
Pittsburgh Pirates batting - Pitching for Los Angeles Dodgers : RHP Jeremy Stock
|
|
Pitching: RHP Craig Fallon
|
|
|
Batting: SHB Jack Andrews
|
0-0: Called Strike 0-1: Ball 1-1: Foul Ball, location: 2F 1-2: Strikes out looking
|
|
Batting: LHB Xavier Pittman
|
0-0: Fly out, F7 (Flyball, 7, EV 91.9 MPH)
|
|
Batting: SHB Brad Day
|
0-0: Called Strike 0-1: Foul Ball, location: 2F 0-2: Ball 1-2: Foul Ball, location: 2F 1-2: Ball 2-2: Strikes out looking
|
| Top of the 6th over - 0 runs, 0 hits, 0 errors, 0 left on base; Pittsburgh 3 - Los Angeles 3 |
| BOTTOM OF THE 6TH |
|
Los Angeles Dodgers batting - Pitching for Pittsburgh Pirates : RHP Dave Spriggs
|
|
Batting: LHB Juan Concepcion
|
0-0: Ball 1-0: SOLO HOME RUN (Flyball, 89XD, EV 98.8 MPH), Distance : 398 ft
|
|
Batting: LHB Stephen Van Raalte
|
0-0: Ball 1-0: Called Strike 1-1: Ball 2-1: Ball 3-1: Base on Balls
|
|
Batting: RHB Tim Nettles
|
0-0: Fly out, F3 (Popup, 34S, EV 77.5 MPH)
|
|
Pitching: RHP Ian Toney
|
|
|
Batting: RHB Ben Mischnick
|
0-0: Called Strike 0-1: Fly out, F7 (Flyball, 78S, EV 94.4 MPH)
|
|
Batting: RHB John Piccolo
|
0-0: Ball 1-0: Called Strike 1-1: Fly out, F8 (Flyball, 8RD, EV 82.5 MPH)
|
| Bottom of the 6th over - 1 run, 1 hit, 0 errors, 1 left on base; Pittsburgh 3 - Los Angeles 4 |
| TOP OF THE 7TH |
|
Pittsburgh Pirates batting - Pitching for Los Angeles Dodgers : RHP Craig Fallon
|
|
Batting: RHB Chiel Palstermans
|
0-0: Called Strike 0-1: Ball 1-1: Swinging Strike 1-2: Ball 2-2: Strikes out swinging
|
|
Batting: RHB David Contreras
|
0-0: Ball 1-0: Ball 2-0: Called Strike 2-1: Foul Ball, location: 2F 2-2: Hit by Pitch
|
|
Batting: SHB Marvin McAleer
|
0-0: Called Strike David Contreras steals 2nd, throwing error, E2 David Contreras to third 0-1: Swinging Strike 0-2: Strikes out swinging
|
|
Batting: LHB Brad Pepin
|
0-0: Called Strike 0-1: Called Strike 0-2: Ball 1-2: Ball 2-2: Ground out 4-3 (Groundball, 4, EV 77.5 MPH)
|
| Top of the 7th over - 0 runs, 0 hits, 1 error, 1 left on base; Pittsburgh 3 - Los Angeles 4 |
| BOTTOM OF THE 7TH |
|
Los Angeles Dodgers batting - Pitching for Pittsburgh Pirates : RHP Ian Toney
|
|
Batting: RHB Clay Buchanan
|
0-0: Ball 1-0: Ball 2-0: Called Strike 2-1: Foul Ball, location: 2F 2-2: Foul Ball, location: 2F 2-2: Strikes out swinging
|
|
Batting: RHB Tsutomu Irie
|
0-0: Ball 1-0: Ball 2-0: Foul Ball, location: 2F 2-1: Ground out 5-3 (Groundball, 5S, EV 63.8 MPH)
|
|
Batting: LHB Lirak Bazhunaishvili
|
0-0: Ball 1-0: Foul Ball, location: 2F 1-1: Fly out, F8 (Flyball, 8RM, EV 81.2 MPH)
|
| Bottom of the 7th over - 0 runs, 0 hits, 0 errors, 0 left on base; Pittsburgh 3 - Los Angeles 4 |
| TOP OF THE 8TH |
|
Pittsburgh Pirates batting - Pitching for Los Angeles Dodgers : RHP Craig Fallon
|
|
Pitching: RHP Jon Harris
|
|
|
Batting: RHB Jorge Severiano
|
0-0: Ball 1-0: Called Strike 1-1: Swinging Strike 1-2: Strikes out swinging
|
|
Batting: LHB Micah Boshnjaku
|
0-0: Called Strike 0-1: Ball 1-1: Ground out 4-3 (Groundball, 4D, EV 105.0 MPH)
|
|
Batting: SHB Jack Andrews
|
0-0: Fly out, F8 (Flyball, 8LS, EV 74.4 MPH)
|
| Top of the 8th over - 0 runs, 0 hits, 0 errors, 0 left on base; Pittsburgh 3 - Los Angeles 4 |
| BOTTOM OF THE 8TH |
|
Los Angeles Dodgers batting - Pitching for Pittsburgh Pirates : RHP Ian Toney
|
|
Batting: SHB Shane Marcum
|
0-0: Fly out, F7 (Flyball, 78M, EV 95.6 MPH)
|
|
Batting: LHB Juan Concepcion
|
0-0: Foul Ball, location: 2F 0-1: Ball 1-1: Called Strike 1-2: Foul Ball, location: 2F 1-2: Strikes out swinging
|
|
Batting: LHB Stephen Van Raalte
|
0-0: Called Strike 0-1: Ball 1-1: Ball 2-1: Swinging Strike 2-2: Strikes out swinging
|
| Bottom of the 8th over - 0 runs, 0 hits, 0 errors, 0 left on base; Pittsburgh 3 - Los Angeles 4 |
| TOP OF THE 9TH |
|
Pittsburgh Pirates batting - Pitching for Los Angeles Dodgers : RHP Jon Harris
|
|
Pitching: RHP Bo Chia
|
|
|
Batting: LHB Xavier Pittman
|
0-0: Called Strike 0-1: Foul Ball, location: 2F 0-2: Strikes out looking
|
|
Batting: SHB Brad Day
|
0-0: Foul Ball, location: 2F 0-1: Called Strike 0-2: Ball 1-2: Ball 2-2: Strikes out looking
|
|
Batting: RHB Chiel Palstermans
|
0-0: Ball 1-0: Hit by Pitch
|
|
Batting: RHB David Contreras
|
0-0: Called Strike 0-1: Ball 1-1: Fly out, F8 (Flyball, 8LXD, EV 107.5 MPH)
|
| Top of the 9th over - 0 runs, 0 hits, 0 errors, 1 left on base; Pittsburgh 3 - Los Angeles 4 |
|